 Dungeon Crawl Stone Soup version 0.31.0-11-ge490571c62 (webtiles) character file.

Game seed: 16208974663846904089

83 qw the Shooter (level 4, -5/25 HPs)
             Began as a Deep Elf Hunter on Feb 4, 2024.
             Slain by Ijyb
             ... wielding a +0 dagger
              (6 damage)
             ... on level 3 of the Dungeon.
             The game lasted 00:00:07 (1685 turns).

qw the Shooter (Deep Elf Hunter)                    Turns: 1685, Time: 00:00:08

Health: -5/25      AC:  5    Str: 10    XL:     4   Next: 22%
Magic:  6/6        EV: 11    Int: 14    God:
Gold:   140        SH:  0    Dex: 18    Spells: 3/3 levels left

rFire   . . .        a - +0 shortbow
rCold   . . .        (shield currently unavailable)
rNeg    . . .        h - +0 ring mail
rPois   .            (no helmet)
rElec   .            (no cloak)
rCorr   .            (no gloves)
SInv    .            (no boots)
Will    .....        d - amulet of the acrobat
Stlth   +            (no ring)
HPRegen 0.24/turn    (no ring)
MPRegen 0.10/turn

%: acrobat
@: no status effects
A: no striking features
a: no special abilities


You were on level 3 of the Dungeon.
You visited 1 branch of the dungeon, and saw 3 of its levels.

You collected 140 gold pieces.


   Skills:
 - Level 1.5 Fighting
 + Level 7.6 Ranged Weapons
 - Level 2.4 Dodging
 - Level 1.2 Stealth


You had 3 spell levels left.
You didn't know any spells.
Your spell library was empty.

Inventory:

Hand Weapons
 a - a +0 shortbow (weapon)
Armour
 h - a +0 ring mail (worn)
 j - a +1 leather armour of willpower
Jewellery
 d - an amulet of the acrobat (around neck)
Scrolls
 b - 2 scrolls of identify
 g - a scroll of immolation {unknown}
 i - a scroll of vulnerability {unknown}
 l - a scroll of fear {unknown}
Potions
 c - a potion of brilliance {unknown}
 e - a potion of berserk rage {unknown}
 f - 3 potions of curing
 k - a potion of heal wounds {unknown}

Dungeon Overview and Level Annotations

Branches:
Dungeon (3/15)

Altars:

Annotations:
D:3 Ijyb


Message History

An endoplasm comes into view.
You see here a +1 leather armour of willpower.
You shoot an arrow. The arrow hits the endoplasm.
The endoplasm is almost dead.
You shoot an arrow. The arrow hits the endoplasm.
You kill the endoplasm!
j - a +1 leather armour of willpower You open the door.
Found a robe.
There is an open door here.
k - a brown potion You see here a +0 robe.
l - a scroll labelled REAGABR TOFI Ijyb the Twisted Goblin comes into view.
She is wielding a +0 dagger, wearing a +3 leather armour of poison resistance and carrying a wand of flame.
Found a murky puce potion.
Ijyb shouts!
You shoot an arrow. The arrow hits Ijyb.
Ijyb is moderately wounded.
You shoot an arrow. The arrow barely misses Ijyb.
Ijyb hits you with a +0 dagger.
You shoot an arrow. The arrow hits Ijyb.
Ijyb is moderately wounded.
Ijyb completely misses you. Ijyb barely misses you.
You shoot an arrow. The arrow closely misses Ijyb.
Ijyb hits you with a +0 dagger.
You shoot an arrow. The arrow hits Ijyb but does no damage.
Ijyb is moderately wounded.
Ijyb zaps a wand.
The puff of flame hits you!
You shoot an arrow. The arrow barely misses Ijyb.
Ijyb barely misses you.
You shoot an arrow. The arrow hits Ijyb but does no damage.
Ijyb is moderately wounded.
Ijyb zaps a wand.
The puff of flame hits you.
You shoot an arrow. The arrow closely misses Ijyb.
Ijyb hits you with a +0 dagger. Ijyb hits you but does no damage.
You shoot an arrow. The arrow barely misses Ijyb.
Ijyb hits you with a +0 dagger.
You shoot an arrow. The arrow closely misses Ijyb.
Ijyb hits you with a +0 dagger.
You die...

.##..# #.# #### .##..#
#.# .......
.....#######.##
........
..............+
........
##...#######.##.......
###...######.##......
...........#.......#
###.#.######..###$.#.#
+...#..### #....@....#
###.##.>.# #..###g##.#
###....#.# #...# .#
..%%####...##..# .#
....# #..#..# .# ....#
#.#..# .. #..... .#...
!. #....... .... ..
#........ #....


You could see Ijyb.

Vanquished Creatures
  An adder (D:2)
  A ribbon worm (D:3)
  2 dart slugs
  3 orcs (D:3)
  7 bats
  5 endoplasms
  A giant cockroach (D:1)
  7 hobgoblins
  4 jackals (D:1)
  2 quokkas
  9 ball pythons
  3 frilled lizards
  5 goblins
  6 kobolds
  4 rats
60 creatures vanquished.

Notes
Turn   | Place    | Note
-------+----------+-------------------------------------------
     0 | D:1      | qw the Deep Elf Hunter began the quest for the Orb.
     0 | D:1      | Reached XP level 1. HP: 12/12 MP: 3/3
     0 | D:1      | 0 ||| qw: Version: 0.3-a-160-g6735b56
     0 | D:1      | 0 ||| qw: Game counter: 4683
     0 | D:1      | 0 ||| qw: Melee chars always use a shield: true
     0 | D:1      | 0 ||| qw: God list: Okawaru
     0 | D:1      | 0 ||| qw: Allow faded altars: false
     0 | D:1      | 0 ||| qw: Do Orc after clearing Dungeon:15 true
     0 | D:1      | 0 ||| qw: Do second Lair branch before Depths: true
     0 | D:1      | 0 ||| qw: Lair rune preference: random
     0 | D:1      | 0 ||| qw: Goals: Normal
     0 | D:1      | 0 ||| PLANNING D:1-11
   166 | D:1      | Reached skill level 6 in Ranged Weapons
   166 | D:1      | Reached XP level 2. HP: 16/16 MP: 4/4
   490 | D:1      | Reached XP level 3. HP: 20/20 MP: 5/5
   550 | D:1      | 550 ||| UPGRADING to +0 ring mail.
   560 | D:1      | 560 ||| DROPPING +0 leather armour.
   561 | D:1      | 561 ||| UPGRADING to amulet of the acrobat.
   566 | D:1      | 566 ||| READING 2 scrolls labelled TOTTIAR NORAU.
   566 | D:1      | 566 ||| IDENTIFYING 2 ruby potions
   567 | D:1      | 567 ||| READING scroll of identify.
   567 | D:1      | 567 ||| IDENTIFYING scroll labelled ROOFROZE ROTS
   568 | D:1      | 568 ||| DROPPING scroll of butterflies.
   569 | D:1      | 569 ||| DROPPING scroll of summoning.
   693 | D:2      | Reached skill level 7 in Ranged Weapons
   856 | D:2      | 856 ||| FLEEEEING.
   857 | D:2      | 857 ||| FLEEEEING.
  1159 | D:2      | 1159 ||| READING scroll of identify.
  1159 | D:2      | 1159 ||| IDENTIFYING bubbling black potion
  1160 | D:2      | 1160 ||| DROPPING potion of lignification.
  1283 | D:3      | Reached XP level 4. HP: 23/25 MP: 6/6
  1436 | D:3      | Found the +15 Maxwell's patent armour {-Cast -Tele rElec
                  | Will+ rCorr}
  1675 | D:3      | Noticed Ijyb
  1683 | D:3      | HP: 3/25 [Ijyb/+0 dagger (6)]
  1684 | D:3      | HP: 1/25 [Ijyb/+0 dagger (2)]
  1685 | D:3      | Slain by Ijyb

Levels and vault maps discovered:
D:1:      onia_arrival_mini_spirals, layout_basic
D:2:      layout_basic, minivault_25, serial_bayou_pond_a
D:3:      layout_basic, minmay_bisected, uniq_ijyb

Skill      XL: |  1  2  3 |
---------------+----------+-----
Ranged Weapons | 6 7 |  7.6
Fighting       | |  1.5
Dodging        | |  2.4
Stealth        | |  1.2

Action                     |  1- 3 |  4- 6 || total
---------------------------+-------+-------++-------
   Fire: Shortbow          |   116 |    32 ||   148
    Use: Scroll            |     3 |       ||     3
 Armour: Leather armour    |    10 |       ||    10
         Ring mail         |    10 |    10 ||    20
  Dodge: Dodged            |    16 |     5 ||    21

Table legend:
 A = Non-vault XP
 B = Vault XP
 C = Vault XP percentage of total XP
 D = Non-vault monster count
 E = Vault monster count
 F = Vault count percentage of total count
                 A         B        C        D         E       F
            +---------+---------+-------+---------+---------+-------
      Total |     119 |       0 |   0.0 |      60 |       0 |   0.0
            +---------+---------+-------+---------+---------+-------
        D:1 |      45 |       0 |   0.0 |      28 |       0 |   0.0
        D:2 |      40 |       0 |   0.0 |      17 |       0 |   0.0
        D:3 |      34 |       0 |   0.0 |      15 |       0 |   0.0
            +---------+---------+-------+---------+---------+-------
